 Dungeon Crawl Stone Soup version 0.30-b1-2-g02819fbbbe (webtiles) character file.

Game seed: 7029400745142541369

443 nightchill the Cleaver (level 7, 0/63 HPs)
             Began as a Hill Orc Fighter on Sept 19, 2023.
             Was a Believer of Ashenzari.
             Slain by a wraith (12 damage)
             ... in an ossuary.
             The game lasted 00:07:11 (3321 turns).

nightchill the Cleaver (Hill Orc Fighter)           Turns: 3321, Time: 00:07:11

Health: 0/63       AC:  6    Str: 21    XL:     7   Next: 2%
Magic:  7/7        EV:  9    Int:  8    God:    Ashenzari [**....]
Gold:   291        SH:  4    Dex: 10    Spells: 6/6 levels left

rFire   . . .        a - +0 war axe "Unveiling Bad Feelings" {Bglg, Comp} (curse)
rCold   . . .        c - +0 buckler of the Mantic Portent {Comp, Elem} (curse)
rNeg    . . .        b - +0 scale mail "Tethered With Me" {Bglg, Alch} (curse)
rPois   .            (no helmet)
rElec   .            (no cloak)
rCorr   .            (no gloves)
SInv    +            (no boots)
Will    .....        (no amulet) Stlth
                     (no ring)
HPRegen 0.30/turn    (no ring)
MPRegen 0.10/turn

%: no passive effects
@: slowed, very slow
A: no striking features
a: Renounce Religion, Curse Item, Shatter the Chains


You were in an ossuary.
You worshipped Ashenzari.
Ashenzari was pleased with you.
You visited 1 branch of the dungeon, and saw 4 of its levels.
You also visited: Ossuary.

You collected 291 gold pieces.

Inventory:

Hand Weapons
 a - the cursed +0 war axe "Unveiling Bad Feelings" (weapon) {Bglg, Comp}

   It has a curse which improves the following skills: Beguiling: Conjurations,
   Hexes and Translocations.
   Companions: Summonings and Necromancy.
 t - a +0 dagger of flaming
Missiles
 r - 3 poisoned darts (quivered)
Armour
 b - the cursed +0 scale mail "Tethered With Me" (worn) {Bglg, Alch}

   It has a curse which improves the following skills: Beguiling: Conjurations,
   Hexes and Translocations.
   Alchemy:   Poison Magic and Transmutations.
 c - the cursed +0 buckler of the Mantic Portent (worn) {Comp, Elem}

   It has a curse which improves the following skills: Companions: Summonings
   and Necromancy.
   Elements:  Fire Magic, Ice Magic, Air Magic and Earth Magic.
Wands
 s - a wand of quicksilver (6)
Scrolls
 f - 2 scrolls of teleportation
 i - a scroll of brand weapon
 l - 4 scrolls of identify
 m - 2 scrolls of butterflies
 n - a scroll of silence
 o - 2 scrolls of magic mapping
 p - a scroll of fog
 q - 2 scrolls of vulnerability
 u - a scroll of amnesia
 w - a scroll of blinking
Potions
 d - 2 potions of might
 e - 3 potions of brilliance
 g - 4 potions of curing
 h - 4 potions of heal wounds
 j - 3 potions of degeneration
 k - a potion of haste
 v - 2 potions of cancellation
 x - a potion of flight


   Skills:
 + Level 6.0 Fighting
 * Level 8.0 Axes
 - Level 3.2 Armour
 - Level 3.2 Shields


You had 6 spell levels left.
You didn't know any spells.
Your spell library was empty.

Dungeon Overview and Level Annotations

Branches:
Dungeon (4/15)            Ossuary (1/1)
 Temple: D:4-7

Altars:
Ashenzari
Nemelex Xobeh

Shops:
D:2 =


Message History

You feel as though you will be slow longer.
You hit the wraith.
The wraith is lightly damaged.
The wraith hits you! The wraith drains your vigour!
You feel as though you will be slow longer.
You block the wraith's attack.
You barely miss the wraith.
The wraith is lightly damaged.
The wraith hits you but does no damage. The wraith hits you!
* * * LOW HITPOINT WARNING * * *
The wraith drains your vigour!
You feel as though you will be slow longer.
You slash the wraith!
The wraith is severely damaged.
The wraith closely misses you.
You closely miss the wraith.
The wraith is severely damaged.
The wraith hits you but does no damage. The wraith hits you.
* * * LOW HITPOINT WARNING * * *
You closely miss the wraith.
The wraith is severely damaged.
The wraith hits you.
* * * LOW HITPOINT WARNING * * *
The wraith hits you!
* * * LOW HITPOINT WARNING * * *
You barely miss the wraith.
The wraith is severely damaged.
The wraith hits you.
* * * LOW HITPOINT WARNING * * *
The wraith hits you.
* * * LOW HITPOINT WARNING * * *
The wraith drains your vigour!
You feel as though you will be slow longer.
You slash the wraith!
The wraith is almost destroyed.
The wraith hits you but does no damage.
You closely miss the wraith.
The wraith is almost destroyed.
The wraith closely misses you. The wraith hits you!
You die...

#......................
#...,..................
#..# ##......###......#
#..# +...8...#.#...8...
#..####......#'#......#
#............#.#.......
#......................
#..####.####.....####.#
#..#!W@.#.'...8...'.#..
#..####.####.....####.#
#......................
#............#.#.......
#..####......#'#......#
#..#!'...8...#.#...8...
#..####......###......#
#......................
#......................


You could see a wraith.

Vanquished Creatures
  Sigmund (D:2)
  A howler monkey (D:4)
  Natasha (twice) (D:3)
  Terence (D:2)
  3 mummies (Ossuary)
  2 adders
  A worm (D:2)
  A dart slug (D:1)
  6 orcs (D:3)
  5 endoplasms
  13 giant cockroaches (D:3)
  8 goblins
  8 hobgoblins
  4 kobolds
  5 quokkas
  10 ball pythons
  5 bats
  A frilled lizard (D:1)
  4 goblin zombies (Ossuary)
  4 hobgoblin zombies (Ossuary)
  3 kobold zombies (Ossuary)
  5 rats
93 creatures vanquished.

Notes
Turn   | Place    | Note
-------+----------+-------------------------------------------
     0 | D:1      | nightchill the Hill Orc Fighter began the quest for the
                  | Orb.
     0 | D:1      | Reached XP level 1. HP: 19/19 MP: 1/1
    61 | D:1      | Reached skill level 3 in Axes
   186 | D:1      | Reached XP level 2. HP: 25/27 MP: 2/2
   344 | D:1      | Found a faded altar of an unknown god.
   654 | D:1      | Prayed at the altar of an unknown god.
   654 | D:1      | Became a worshipper of Ashenzari the Shackled
   730 | D:1      | Reached skill level 4 in Axes
   782 | D:1      | Reached XP level 3. HP: 32/33 MP: 3/3
  1260 | D:2      | Found Gusuw's Jewellery Shoppe.
  1321 | D:2      | Noticed Terence
  1326 | D:2      | Killed Terence
  1327 | D:2      | Reached XP level 4. HP: 30/41 MP: 4/4
  1481 | D:2      | Reached skill level 5 in Axes
  1518 | D:2      | Noticed Sigmund
  1532 | D:2      | Killed Sigmund
  1533 | D:2      | Reached skill level 5 in Fighting
  1533 | D:2      | Reached skill level 6 in Axes
  1533 | D:2      | Reached XP level 5. HP: 15/48 MP: 5/5
  1533 | D:2      | Reached XP level 6. HP: 18/56 MP: 6/6
  1719 | D:2      | Reached * piety under Ashenzari
  1985 | D:3      | Identified the +4 mace of Nunise {protect, Dex+4}
  2171 | D:3      | Reached skill level 7 in Axes
  2177 | D:3      | Reached ** piety under Ashenzari
  2346 | D:3      | Noticed Natasha
  2352 | D:3      | Killed Natasha
  2485 | D:3      | Noticed Natasha
  2497 | D:3      | Killed Natasha
  2774 | D:3      | You fall into a shaft and drop 1 floor!
  2808 | D:4      | Found a sparkling altar of Nemelex Xobeh.
  2870 | D:4      | Found a sand-covered staircase.
  2970 | Ossuary  | Entered an ossuary
  2970 | Ossuary  | Noticed a wraith
  2970 | Ossuary  | Noticed a wraith
  2970 | Ossuary  | Noticed a wraith
  3194 | Ossuary  | Reached skill level 8 in Axes
  3194 | Ossuary  | Reached XP level 7. HP: 48/63 MP: 7/7
  3307 | Ossuary  | Noticed a wraith
  3321 | Ossuary  | Slain by a wraith

Illustrated notes

Levels and vault maps discovered:
D:1:      onia_arrival_mini_spirals, layout_loops_corners,
          chequers_ecumenical_altar_grove
D:2:      layout_loops_cross, serial_shops, nicolae_shop_behind_doors,
          uniq_terence, uniq_sigmund
D:3:      minmay_roachtagon, layout_basic, minmay_randomly_rotated_circles,
          uniq_natasha
D:4:      layout_loops_cross, lemuel_crystal_altar,
          nicolae_ossuary_entry_false_entrances
Ossuary:  ossuary_kennysheep_city_of_the_dead

Skill      XL: |  1  2  3  4  5  6 |
---------------+-------------------+-----
Axes           | 3 4 6 8 |  8.0
Fighting       | 4 5 6 |  6.0
Armour         | |  3.2
Shields        | |  3.2

Action                     |  1- 3 |  4- 6 |  7- 9 || total
---------------------------+-------+-------+-------++-------
  Melee: War axe           |    85 |   164 |    14 ||   263
 Invoke: Curse Item        |     1 |     2 |       ||     3
 Armour: Scale mail        |    35 |    59 |     6 ||   100
  Dodge: Dodged            |    40 |    73 |     4 ||   117
  Block: Buckler           |    17 |    29 |     2 ||    48
